 Dungeon Sprint DCSS version 0.17-a0-1909-g0b14330 (webtiles) character file.

2065 GilaZews the Cleaver (level 9, 73/91 HPs)
             Began as a Deep Dwarf Berserker on Sept 25, 2015.
             Was the Champion of Trog.
             Quit the game in the Dungeon (Sprint IX: "|||||||||||||||||||||||||||||").
             The game lasted 00:05:53 (522 turns).

GilaZews the Cleaver (Deep Dwarf Berserker)          Turns: 522, Time: 00:05:53

Health: 73/91      AC: 13    Str: 24    XL:     9   Next: 5%
Magic:  16/16      EV:  9    Int:  8    God:    Trog [******]
Gold:   16         SH:  0    Dex: 12    Spells: 0 memorised, 8 levels left

rFire  . . .     SeeInvis .     o - +1 broad axe (freeze)
rCold  . . .     Clarity  .     p - +1 chain mail
rNeg   . . .     SustAt   .     (no shield)
rPois  .         Gourm    .     (no helmet)
rElec  .         Spirit   .     a - +0 cloak
rCorr  .         Warding  .     (no gloves)
rMut   .         NoTele   +     (no boots)
MR     +....                    (no amulet)
Stlth  ..........               (no ring)
                                (no ring)

@: contaminated, non-regenerating, glowing, somewhat resistant to hostile
enchantments, extremely unstealthy
A: damage resistance, recharge devices, deterioration 1, sense surroundings 2,
slow healing 3
a: Device Recharging, Burn Spellbooks, Berserk, Trog's Hand, Brothers in Arms,
Renounce Religion


You were in the Dungeon.
You worshipped Trog.
Trog was exalted by your worship.
You were not hungry.

You visited 1 branch You collected 16 gold pieces.

Inventory:

Hand weapons
 o - a +1 broad axe of freezing (weapon)
 u - a +0 battleaxe of distortion
Armour
 a - a +0 cloak (worn)
 p - a +1 chain mail (worn)
Jewellery
 b - a +3 ring of intelligence
 q - a +3 ring of dexterity
Magical devices
 c - a wand of heal wounds (5)
 n - a wand of cold (7)
Scrolls
 j - 4 scrolls of blinking
 m - 4 scrolls of remove curse
 r - a scroll of identify
 s - a scroll of recharging
 t - 2 scrolls of enchant weapon
Potions
 e - 5 potions of curing
 f - 9 potions of heal wounds
 g - a potion of haste
 h - 4 potions of magic
 i - a potion of berserk rage
 l - 2 potions of agility
Comestibles
 d - a bread ration
 k - 4 chunks of flesh


   Skills:
 + Level 9.3 Fighting
 * Level 14.5 Axes
 + Level 9.6 Armour
 - Level 2.1 Dodging
 - Level 10.9 Evocations


You had 8 spell levels left.
You didn't know any spells.

Dungeon Overview and Level Annotations

Branches:
Dungeon (1/1)

Altars:
Cheibriados
Dithmenos
Elyvilon
Fedhas
Gozag
Kikubaaqudgha
Makhleb
Nemelex Xobeh
Okawaru
Qazlal
Ru
Sif Muna
Trog
Vehumet
Xom
Yredelemnul
Zin
The Shining One
Beogh
Jiyva
Lugonu


Innate Abilities, Weirdness & Mutations

You are resistant to damage.
You can recharge devices by infusing magical energy.
You passively map the area around you.
You do not heal naturally.
Your body sometimes deteriorates upon taking damage.


Message History

Zapping:
c - a wand of heal wounds (6)
Press: ? - help, Shift-Dir - straight line, f - you You feel much better.
This wand has 5 charges left.
Wear which item? (? for menu, Esc to quit)
Okay, then.
Read which item? (? for menu, Esc to quit)
Okay, then.
Take off which item? (? for menu, Esc to quit)
Okay, then.
Wield which item (- for none, * to show all)? (? for menu, Esc to quit)
Really unwield
u - a +0 battleaxe of distortion?
You are contaminated with residual magic.
It glows with a cold blue light!
o - a +1 broad axe of freezing (weapon)
Drink which item? (? for menu, Esc to quit)
Okay, then.
You start waiting.
Your body shudders with the violent release of wild energies!
You feel yourself wasting away.
Are you sure you want to abandon this character and quit the game? (Confirm with "yes".)

,, , ,,, ,,, , ** * * * * *** * ,
, ,,,, , * * * * ***** * * * , ,,
,, , , , ∩ * * ** ** * * * * * ,
, , , , , , ▓▓▓▓▓▓▓▓▓▓▓▓▓▓▓▓▓▓ *
* }......%........@+ ,, ,,,+
▓▓▓▓▓▓▓▓▓▓▓▓▓▓▓▓▓▓▓▓▓▓▓▓▓▓▓▓▓▓▓▓▓
.................................
▓▓▓▓▓▓▓▓▓▓▓▓▓▓▓▓▓▓▓▓▓▓▓▓▓▓▓▓▓▓▓▓▓
...'_____________________'.?|).([
▓▓▓▓▓▓▓▓▓▓▓▓▓▓▓▓▓▓▓▓▓▓▓▓▓▓▓▓▓▓▓▓▓


There were no monsters in sight!

Vanquished Creatures
  2 spiny frogs (D)
  A blink frog (D)
  A vampire (D)
  2 porcupines (D)
  3 water moccasins (D)
  An ogre (D)
  4 centaurs (D)
  A giant frog (D)
  2 hounds (D)
  A gnoll shaman (D)
  An orc priest (D)
  A crimson imp (D)
  A worker ant (D)
  2 orcs (D)
  A bat (D)
  A bat skeleton (D)
  A giant cockroach (D)
  2 kobolds (D)
  A rat (D)
29 creatures vanquished.

Vanquished Creatures (others)
  A worker ant (D)
  An adder skeleton (D)
2 creatures vanquished.

Grand Total: 31 creatures vanquished

Notes
Turn   | Place    | Note
--------------------------------------------------------------
     0 | D        | GilaZews the Deep Dwarf Berserker began the quest for the Orb.
     0 | D        | Reached XP level 1. HP: 20/20 MP: 1/1
    12 | D        | Reached skill level 4 in Axes
    14 | D        | Acquired Trog's second power
    34 | D        | Noticed a worker ant
    34 | D        | Noticed a gnoll shaman
    42 | D        | Killed a worker ant
    42 | D        | Reached skill level 6 in Axes
    42 | D        | Reached XP level 2. HP: 30/30 MP: 2/2
    42 | D        | Reached XP level 3. HP: 36/36 MP: 3/3
    50 | D        | Killed a gnoll shaman
    50 | D        | Reached skill level 7 in Axes
    51 | D        | Reached skill level 5 in Fighting
    51 | D        | Reached XP level 4. HP: 35/46 MP: 4/4
    61 | D        | Found a glowing silver altar of Zin.
    61 | D        | Found a glowing golden altar of the Shining One.
    61 | D        | Found an ancient bone altar of Kikubaaqudgha.
    61 | D        | Found a basalt altar of Yredelemnul.
    61 | D        | Found a shimmering altar of Xom.
    61 | D        | Found a radiant altar of Vehumet.
    62 | D        | Found an iron altar of Okawaru.
    63 | D        | Found a burning altar of Makhleb.
    64 | D        | Found a deep blue altar of Sif Muna.
    65 | D        | Found a bloodstained altar of Trog.
    66 | D        | Found a sparkling altar of Nemelex Xobeh.
    67 | D        | Found a white marble altar of Elyvilon.
    68 | D        | Found a roughly hewn altar of Beogh.
    69 | D        | Found a viscous altar of Jiyva.
    70 | D        | Found a corrupted altar of Lugonu.
    71 | D        | Found a blossoming altar of Fedhas.
    72 | D        | Found a snail-covered altar of Cheibriados.
    73 | D        | Found a shadowy altar of Dithmenos.
    74 | D        | Found a stormy altar of Qazlal.
    75 | D        | Found an opulent altar of Gozag.
    76 | D        | Found a sacrificial altar of Ru.
   129 | D        | Noticed an ogre
   129 | D        | Noticed an orc priest
   129 | D        | Noticed a centaur
   129 | D        | Noticed a worker ant
   129 | D        | Noticed a centaur
   132 | D        | Killed an ogre
   132 | D        | Acquired Trog's third power
   132 | D        | Received a gift from Trog
   132 | D        | Reached skill level 9 in Axes
   132 | D        | Reached XP level 5. HP: 55/55 MP: 4/7
   134 | D        | Killed an orc priest
   140 | D        | Killed a centaur
   140 | D        | Reached skill level 10 in Axes
   140 | D        | Reached skill level 5 in Armour
   140 | D        | Reached skill level 5 in Evocations
   140 | D        | Killed a worker ant
   151 | D        | Killed a centaur
   151 | D        | Reached XP level 6. HP: 45/63 MP: 6/10
   163 | D        | Noticed a crimson imp
   163 | D        | Noticed a centaur
   163 | D        | Noticed a hound
   163 | D        | Noticed a vampire
   163 | D        | Noticed a centaur
   163 | D        | Noticed a hound
   166 | D        | Killed a crimson imp
   171 | D        | Killed a centaur
   171 | D        | Reached skill level 11 in Axes
   174 | D        | Killed a hound
   178 | D        | Killed a vampire
   178 | D        | Reached XP level 7. HP: 20/72 MP: 10/12
   182 | D        | Killed a centaur
   182 | D        | Reached skill level 12 in Axes
   185 | D        | Killed a hound
   308 | D        | Noticed a spiny frog
   308 | D        | Noticed a giant frog
   308 | D        | Noticed a water moccasin
   308 | D        | Noticed a porcupine
   308 | D        | Noticed a spiny frog
   308 | D        | Noticed a water moccasin
   310 | D        | Noticed a blink frog
   311 | D        | Killed a spiny frog
   311 | D        | Received a gift from Trog
   315 | D        | Noticed a porcupine
   316 | D        | Killed a giant frog
   316 | D        | Reached skill level 13 in Axes
   316 | D        | Reached XP level 8. HP: 81/81 MP: 14/14
   318 | D        | Killed a water moccasin
   320 | D        | Killed a porcupine
   324 | D        | Noticed a water moccasin
   329 | D        | Killed a spiny frog
   329 | D        | Reached skill level 10 in Evocations
   332 | D        | Killed a water moccasin
   332 | D        | Reached skill level 14 in Axes
   334 | D        | Killed a porcupine
   335 | D        | Killed a water moccasin
   361 | D        | Killed a blink frog
   361 | D        | Gained mutation: You passively map the area around you. [Deep Dwarf growth]
   361 | D        | Reached XP level 9. HP: 48/91 MP: 17/17
   521 | D        | Gained mutation: Your body sometimes deteriorates upon taking damage. [mutagenic glow]
   522 | D        | Quit the game

Vault maps used:
D:        linesprint

Action                   |  1- 3 |  4- 6 |  7- 9 || total
-------------------------+-------+-------+-------++-------
Melee: Hand axe          |    28 |       |       ||    28
       Broad axe         |       |    29 |    39 ||    68
Invok: Berserk           |     1 |     1 |     1 ||     3
       Trog's Hand       |       |       |     1 ||     1
 Abil: Device Recharging |       |       |     1 ||     1
Evoke: Wand              |       |     1 |     5 ||     6
  Use: Potion            |       |     1 |       ||     1
 Stab: Invisible         |       |     3 |       ||     3
  Eat: Chunk             |       |       |     2 ||     2
